 Dungeon Crawl Stone Soup version 0.21.1-1-g345015f (webtiles) character file.

1875 teukkam the Fighter (level 9, -4/115 HPs)
             Began as a Gnoll Wanderer on Feb 15, 2018.
             Was a Follower of Ru.
             Slain by an orc warrior
             ... wielding a +0 short sword
              (9 damage)
             ... on level 7 of the Dungeon.
             The game lasted 00:25:38 (6544 turns).

teukkam the Fighter (Gnoll Wanderer)                Turns: 6544, Time: 00:25:39

Health: -4/115     AC: 24    Str: 16 (17) XL:     9   Next: 14%
Magic:  14/14      EV:  2    Int: 14 (15) God:    Ru [*.....]
Gold:   291        SH: 13    Dex: 15      Spells: 15/15 levels left

rFire    . . .     SeeInvis .   b - +1 falchion
rCold    . . .     Gourm    +   H - +0 large shield
rNeg     + + +     Faith    .   (armour currently unavailable)
rPois    +         Spirit   .   (helmet currently unavailable)
rElec    .         Reflect  .   (cloak currently unavailable)
rCorr    .         Harm     .   (gloves currently unavailable)
MR       .....     NoTele   +   (boots currently unavailable)
Stlth    +++.......             x - amulet of the gourmand
HPRegen  0.29/turn              (no ring)
MPRegen  0.14/turn              (no ring)

@: tree-form
A: distributed training, inability to train dodging, strong nose
a: Renounce Religion


You were on level 7 of the Dungeon.
You worshipped Ru.
Ru was aware of your devotion.
You were completely stuffed.
You were a tree.
You visited 2 branches of the dungeon, and saw 8 of its levels.

You collected 291 gold pieces.

Inventory:

Hand Weapons
 a - a +0 hunting sling
 b - a +1 falchion (weapon)
 d - a +0 antimagic hand axe
 e - a +2 quarterstaff
 r - a +1 spear of flaming
 C - a +1 war axe of chopping
Missiles
 p - 11 poisoned needles
 t - 113 stones
 w - 9 tomahawks (quivered)
 D - 3 tomahawks of dispersal
 G - 18 sling bullets
Armour
 g - a +0 pair of boots (melded)
 s - +0 storm dragon scales (melded)
 H - a +0 large shield (worn)
Jewellery
 x - an amulet of the gourmand (around neck)
Scrolls
 c - 2 scrolls of remove curse
 i - a scroll of enchant weapon
 j - a scroll of vulnerability {unknown}
 k - a scroll of random uselessness
 l - a scroll of teleportation
 m - a scroll of fog {unknown}
 o - 8 scrolls of identify {unknown}
 u - a scroll of enchant armour {unknown}
 v - a scroll of immolation {unknown}
 A - a scroll of amnesia {unknown}
 E - a scroll of fear {unknown}
Potions
 q - a potion of flight
 B - a potion of mutation {unknown}
Books
 y - a book of Callings

   Spells                             Type                      Level
   a - Summon Small Mammal            Summoning                    1
   b - Call Imp                       Summoning                    2
   c - Call Canine Familiar           Summoning                    3
   d - Summon Guardian Golem          Hexes/Summoning              3
   e - Summon Lightning Spire         Summoning/Air                4
   f - Summon Ice Beast               Ice/Summoning                4
Comestibles
 f - 14 rations
 h - 5 chunks of flesh


   Skills:
 + Level 9.4 Fighting
 + Level 3.9 Short Blades
 + Level 3.9 Long Blades
 + Level 3.9 Axes
 + Level 3.9 Maces & Flails
 + Level 3.9 Polearms
 + Level 6.1 Staves
 + Level 3.9 Slings
 + Level 3.9 Bows
 + Level 3.9 Crossbows
 + Level 6.1 Throwing
 + Level 3.9 Armour
   Level 0.0 Dodging
 + Level 4.6 Stealth
 + Level 3.9 Shields
 + Level 3.9 Unarmed Combat
 + Level 3.9 Spellcasting
 + Level 3.2 Conjurations
 + Level 3.2 Hexes
 + Level 3.2 Charms
 + Level 3.2 Summonings
 + Level 3.2 Necromancy
 + Level 3.2 Translocations
 + Level 3.2 Transmutations
 + Level 3.2 Fire Magic
 + Level 3.2 Ice Magic
 + Level 3.2 Air Magic
 + Level 3.2 Earth Magic
 + Level 3.2 Poison Magic
 + Level 4.2 Invocations
 + Level 3.9 Evocations


You had 15 spell levels left.
You didn't know any spells.

Dungeon Overview and Level Annotations

Branches:
Dungeon (7/15)             Temple (1/1) D:5

Altars:
Ashenzari
Cheibriados
Dithmenos
Elyvilon
Fedhas
Gozag
Hepliaklqana
Kikubaaqudgha
Makhleb
Nemelex Xobeh
Okawaru
Qazlal
Ru
Sif Muna
Trog
Uskayaw
Vehumet
Wu Jian
Xom
Yredelemnul
Zin
The Shining One


Innate Abilities, Weirdness & Mutations

Your experience applies equally to all skills.
((You have very sharp teeth.))
You cannot train Dodging skill.
Your uncanny sense of smell can sniff out nearby items.


Message History

* * * LOW HITPOINT WARNING * * *
Your storm dragon scales prevents you from hitting the orc warrior.
The orc warrior is moderately wounded.
The orc warrior hits you with a short sword!
* * * LOW HITPOINT WARNING * * *
You feel better.
The orc warrior hits you with a short sword.
* * * LOW HITPOINT WARNING * * *
You hit the orc warrior.
The orc warrior is moderately wounded.
The orc warrior hits you with a short sword!
* * * LOW HITPOINT WARNING * * *
You turn into a tree.
Your +0 pair of boots melds into your body.
Your +0 storm dragon scales melds into your body.
Your roots penetrate the ground.
You block the orc warrior's attack.
You hit the orc warrior.
The orc warrior is heavily wounded.
The orc warrior hits you with a short sword!
You die...

#.. #........## #..#..
#.##)##.... #(.#.#
##.#...####. #∆ #((#.#
#..#...#).#. #. #(.#.#
∆#..#...'..#.
#..##(.#.## ##.#########
.....#..# #..#...#..#
#.(#..# +..#...#).#
#.[♣oP## ##.#'###'##
#$.)...# #.........
#......#...+ #....#+##.
#####..#..#####+####..##
....#..#..#..#..'..+.
###..#..#..'..#[.#).#.
#..#..####..##)####.
#.##.....##)#.....## ..
#................


You could see an orc warrior.

Vanquished Creatures
  Menkaure (D:7)
  2 sky beasts (D:5)
  2 ice beasts (D:5)
  An eye of draining (D:4)
  A phantom (D:4)
  An ogre (D:4)
  The ghost of letownia2 the Poker, an amateur MfGl of Ru (D:3)
  2 bullfrogs
  2 scorpions
  2 crimson imps (D:6)
  A bullfrog zombie (D:6)
  A hound (D:4)
  3 orc priests
  A centaur zombie (D:5)
  4 orc wizards
  6 worker ants
  10 gnolls
  A howler monkey skeleton (D:5)
  8 adders
  A white imp (D:4)
  3 oozes
  An adder skeleton (D:4)
  2 worms
  5 dart slugs
  4 leopard geckos
  25 orcs
  A ball python (D:4)
  8 bats
  3 giant cockroaches
  15 goblins
  9 hobgoblins
  7 jackals
  10 kobolds
  4 quokkas
  2 frilled lizards
  A goblin skeleton (D:4)
  3 goblin zombies (D:4)
  3 hobgoblin zombies (D:4)
  A jackal zombie (D:6)
  A kobold skeleton (D:4)
  3 kobold zombies (D:4)
  2 orc skeletons (D:4)
  13 rats
177 creatures vanquished.

Notes
Turn   | Place    | Note
-------+----------+-------------------------------------------
     0 | D:1      | teukkam the Gnoll Wanderer began the quest for the Orb.
     0 | D:1      | teukkam set off with: a +2 quarterstaff, a +0 falchion, a potion of lignification, a +0 robe, a ration
     0 | D:1      | Reached XP level 1. HP: 26/26 MP: 1/1
    41 | D:1      | Reached XP level 2. HP: 18/33 MP: 2/2
   470 | D:1      | Reached XP level 3. HP: 38/38 MP: 3/3
   724 | D:2      | Reached skill level 1 in Invocations
   743 | D:2      | Found a shadowy altar of Dithmenos.
   744 | D:2      | Found a radiant altar of Vehumet.
   746 | D:2      | Found an iron altar of Okawaru.
   746 | D:2      | Found a basalt altar of Yredelemnul.
   746 | D:2      | Found a hide-covered altar of Uskayaw.
   748 | D:2      | Found a hazy altar of Hepliaklqana.
   938 | D:2      | Reached skill level 1 in Short Blades
   938 | D:2      | Reached skill level 1 in Long Blades
   938 | D:2      | Reached skill level 1 in Axes
   938 | D:2      | Reached skill level 1 in Maces & Flails
   938 | D:2      | Reached skill level 1 in Polearms
   938 | D:2      | Reached skill level 1 in Slings
   938 | D:2      | Reached skill level 1 in Bows
   938 | D:2      | Reached skill level 1 in Crossbows
   938 | D:2      | Reached skill level 1 in Armour
   938 | D:2      | Reached skill level 1 in Shields
   938 | D:2      | Reached skill level 1 in Unarmed Combat
   938 | D:2      | Reached skill level 1 in Spellcasting
   938 | D:2      | Reached skill level 1 in Evocations
   971 | D:2      | Reached XP level 4. HP: 39/45 MP: 5/5
  1580 | D:3      | Noticed letownia2's ghost (amateur MfGl)
  1591 | D:3      | Killed letownia2's ghost
  1591 | D:3      | Reached skill level 1 in Conjurations
  1591 | D:3      | Reached skill level 1 in Hexes
  1591 | D:3      | Reached skill level 1 in Charms
  1591 | D:3      | Reached skill level 1 in Summonings
  1591 | D:3      | Reached skill level 1 in Necromancy
  1591 | D:3      | Reached skill level 1 in Translocations
  1591 | D:3      | Reached skill level 1 in Transmutations
  1591 | D:3      | Reached skill level 1 in Fire Magic
  1591 | D:3      | Reached skill level 1 in Ice Magic
  1591 | D:3      | Reached skill level 1 in Air Magic
  1591 | D:3      | Reached skill level 1 in Earth Magic
  1591 | D:3      | Reached skill level 1 in Poison Magic
  1591 | D:3      | Reached XP level 5. HP: 22/51 MP: 5/7
  1936 | D:3      | Reached XP level 6. HP: 32/57 MP: 8/8
  2559 | D:4      | Noticed a phantom
  2616 | D:4      | Killed a phantom
  2616 | D:4      | Reached skill level 5 in Staves
  2616 | D:4      | Reached skill level 5 in Throwing
  2670 | D:4      | Reached XP level 7. HP: 49/63 MP: 10/10
  3146 | D:4      | Found a glowing golden altar of the Shining One.
  3543 | D:4      | Found a bloodstained altar of Trog.
  3821 | D:5      | Entered Level 5 of the Dungeon
  3828 | D:5      | Reached skill level 9 in Fighting
  3880 | D:5      | Reached XP level 8. HP: 67/71 MP: 12/12
  4381 | D:5      | Found a staircase to the Ecumenical Temple.
  4390 | Temple   | Entered the Ecumenical Temple
  4532 | Temple   | Became a worshipper of Ru the Awakened
  5213 | D:6      | Found a shimmering altar of Xom.
  6154 | D:7      | Reached XP level 9. HP: 74/76 MP: 14/14
  6158 | D:7      | Gained mutation: You cannot train Dodging skill. [Ru sacrifice]
  6158 | D:7      | Reached * piety under Ru
  6180 | D:7      | Noticed Menkaure
  6185 | D:7      | Killed Menkaure
  6542 | D:7      | HP: 3/77 [orc warrior/short sword (7)]
  6544 | D:7      | Slain by an orc warrior

Skill      XL: |  1  2  3  4  5  6  7  8  9 |
---------------+----------------------------+-----
Invocations    | 1 2 3 4 |  4.2
Short Blades   | 1 2 3 |  3.9
Long Blades    | 1 2 3 |  3.9
Axes           | 1 2 3 |  3.9
Maces & Flails | 1 2 3 |  3.9
Polearms       | 1 2 3 |  3.9
Slings         | 1 2 3 |  3.9
Bows           | 1 2 3 |  3.9
Crossbows      | 1 2 3 |  3.9
Armour         | 1 2 3 |  3.9
Shields        | 1 2 3 |  3.9
Unarmed Combat | 1 2 3 |  3.9
Spellcasting   | 1 2 3 |  3.9
Evocations     | 1 2 3 |  3.9
Dodging        | 3 4 0 |  0.0
Conjurations   | 1 2 3 |  3.2
Hexes          | 1 2 3 |  3.2
Charms         | 1 2 3 |  3.2
Summonings     | 1 2 3 |  3.2
Necromancy     | 1 2 3 |  3.2
Translocations | 1 2 3 |  3.2
Transmutations | 1 2 3 |  3.2
Fire Magic     | 1 2 3 |  3.2
Ice Magic      | 1 2 3 |  3.2
Air Magic      | 1 2 3 |  3.2
Earth Magic    | 1 2 3 |  3.2
Poison Magic   | 1 2 3 |  3.2
Stealth        | 3 4 |  4.6
Staves         | 5 6 |  6.1
Throwing       | 5 6 |  6.1
Fighting       | 9 |  9.4

Action                   |  1- 3 |  4- 6 |  7- 9 || total
-------------------------+-------+-------+-------++-------
Melee: Quarterstaff      |    38 |       |       ||    38
       Bite              |     8 |    21 |    60 ||    89
       Falchion          |    43 |   117 |   523 ||   683
 Fire: Hunting sling     |       |    32 |    91 ||   123
Throw: Stone             |       |       |     2 ||     2
Invok: Sacrifice Nimblen |       |       |     1 ||     1
  Use: Potion            |     1 |     1 |    12 ||    14
       Scroll            |       |     2 |     2 ||     4
 Stab: Sleeping          |     4 |       |       ||     4
  Eat: Chunk             |       |     4 |    26 ||    30
       Ration            |       |     1 |       ||     1
Armor: Skin              |    10 |       |       ||    10
       Robe              |     8 |       |       ||     8
       Ring mail         |    13 |     3 |       ||    16
       Storm dragon scal |       |    57 |   253 ||   310
Dodge: Dodged            |    45 |    56 |   163 ||   264
Block: Buckler           |     8 |    39 |   149 ||   196
       Large shield      |       |       |    24 ||    24
       Rpst.: Falchion   |    10 |    21 |    53 ||    84
